 Dungeon Crawl Stone Soup version 0.29.1-15-g9cfb28693d (webtiles) character file.

Game seed: 6062889474702050130

7 croobank the Sneak (level 2, -4/21 HPs)
             Began as an Octopode Delver on Mar 12, 2023.
             Slain by a black bear (5 damage)
             ... on level 4 of the Dungeon.
             The game lasted 00:02:07 (469 turns).

croobank the Sneak (Octopode Delver)                 Turns: 469, Time: 00:02:08

Health: -4/21      AC:  1    Str: 11    XL:     2   Next: 4%
Magic:  2/2        EV: 13    Int: 12    God:
Gold:   24         SH:  0    Dex: 13    Spells: 1/1 levels left

rFire   . . .      SeeInvis .   d - +0 dagger
rCold   . . .      Faith    .   (no shield)
rNeg    . . .      Spirit   .   (helmet restricted)
rPois   .          Reflect  .   (no amulet)
rElec   .          Harm     .   (no ring)
rCorr   .          Rampage  .   (no ring)
Will    .....                   (no ring)
Stlth   ++++......              (no ring)
HPRegen 0.07/turn               (no ring)
MPRegen 0.08/turn               (no ring)
                                (no ring)
                                (no ring)

@: no status effects
A: almost no armour, amphibious, 8 rings, camouflage 1, gelatinous body 1,
(nimble swimmer 1), tentacles
a: no special abilities


You were on level 4 of the Dungeon.
You visited 1 branch of the dungeon, and saw 4 of its levels.

You collected 24 gold pieces.

Inventory:

Hand Weapons
 a - a +0 hand axe
 d - a +0 dagger (weapon)
 i - a +0 long sword
Wands
 f - a wand of digging (3)
Scrolls
 b - a scroll of fog
 c - a scroll of teleportation {unknown}
 g - a scroll of poison {unknown}
 h - a scroll of identify {unknown}
Potions
 e - a potion of haste


   Skills:
 + Level 3.1 Fighting
 + Level 2.1 Axes
 + Level 2.1 Dodging
 + Level 6.7 Stealth
 + Level 0.1 Spellcasting
 + Level 0.1 Transmutations


You had one spell level left.
You didn't know any spells.
Your spell library contained the following spells:

 Spells                   Type           Power      Damage    Failure   Level
 Beastly Appendage        Tmut           0%         N/A       30%         1
 Wereblood                Tmut           0%         N/A       43%         2
 Spider Form              Tmut/Pois      0%         N/A       67%         3


Dungeon Overview and Level Annotations

Branches:
Dungeon (7/15)             Temple (0/1) D:5

Altars:

Shops:
D:7 =


Innate Abilities, Weirdness & Mutations

You cannot wear most types of armour.
You are amphibious.
You can wear up to eight rings at the same time.
Your skin changes colour to match your surroundings (Stealth+).
Your rubbery body absorbs attacks. (AC +1, EV +1)
((You are camouflaged when in or above water. (Stealth+)))
You have tentacles for arms and can constrict up to eight enemies at once.


Message History

You start resting.
HP restored.
Found a dagger.
You see here the +3 scale mail "Gylaexirgh" {rC+ rCorr}.
A jackal and a gnoll come into view.
Found a book of Changes.
A giant cockroach comes into view.
You see here a book of Changes.
A goblin comes into view. It is wielding a +0 dagger.
You see here a book of Changes.
You pick up a book of Changes and begin reading...
You add the spells Beastly Appendage, Wereblood and Spider Form to your library.
You don't know any spells.
Okay, then.
A black bear comes into view.
The helpless giant cockroach fails to defend itself.
You hit the giant cockroach.
You kill the giant cockroach!
The helpless goblin fails to defend itself.
You slash the goblin!
You kill the goblin!
You have reached level 2!
d - a +0 dagger (weapon)
The helpless black bear fails to defend itself.
You impale the black bear!! You grab the black bear.
The black bear is severely wounded.
You constrict the black bear.
The black bear goes berserk!
You hit the black bear but do no damage.
The black bear is almost dead.
You constrict the black bear. The black bear closely misses you.
The black bear claws you but does no damage.
The black bear claws you.
You hit the black bear.
The black bear is almost dead.
You constrict the black bear. The black bear misses you.
The black bear barely misses you. The black bear claws you.
The black bear bites you!
* * * LOW HITPOINT WARNING * * *
The black bear closely misses you. The black bear claws you.
You die...

#....#
##....#
#.....#
##.....#
#...†..##
##.......#
#.....)..#
#........#
#.......@.#
........h.#
...........#
#.##..######
## ###


You could see a black bear (berserk).

Vanquished Creatures
  A ball python (D:4)
  A giant cockroach (D:4)
  2 goblins (D:4)
  A hobgoblin (D:4)
  A kobold (D:4)
6 creatures vanquished.

Vanquished Creatures (others)
  8 fungi (D:6)
8 creatures vanquished.

Grand Total: 14 creatures vanquished

Notes
Turn   | Place    | Note
-------+----------+-------------------------------------------
     0 | D:5      | croobank the Octopode Delver began the quest for the Orb.
     0 | D:5      | Reached XP level 1. HP: 16/16 MP: 1/1
    35 | D:7      | Found Nobi's Jewellery Boutique.
    45 | D:7      | Noticed an iguana
   421 | D:4      | Identified the +3 scale mail "Gylaexirgh" {rC+ rCorr}
   457 | D:4      | Noticed a black bear
   463 | D:4      | Reached XP level 2. HP: 21/21 MP: 2/2
   469 | D:4      | HP: 1/21 [black bear (9)]
   469 | D:4      | Slain by a black bear

Illustrated notes

Levels and vault maps discovered:
D:4:      lemuel_castle_with_subvaults [lemuel_castle_interior_carwin_3],
          layout_cave_pods, hangedman_abyss_or_decor_lesser_grid
D:5:      layout_basic, chei_slow_surprise, nicolae_ashenzari_skybound,
          minmay_temple_entry_nine_rooms, nicolae_ossuary_entry_monument,
          minmay_misc_feat_tiny, uniq_duvessa
D:6:      layout_basic, mainiacjoe_overflow_catwalk, serial_shops, shop,
          serial_aquarium, aquarium_bridge_square [aquarium_subvault_wall,
          aquarium_subvault_bridge, aquarium_subvault_bridge,
          aquarium_subvault_bridge], aquarium_window_3, aquarium_window_fake,
          aquarium_window_2, aquarium_window_1, aquarium_view_2d,
          aquarium_balcony_5b, aquarium_pool_1, uniq_edmund, uniq_grinder,
          uniq_pikel
D:7:      layout_rooms, mainiacjoe_overflow_alcove_1, mainiacjoe_overflow_paths,
          nicolae_gozag_seed_capital, gammafunk_ghost_berserking_beasts,
          minmay_shop_enchanted_jewellery, kennysheep_big_empty_room

Action                   || total
-------------------------++-------
Melee: Hand axe          ||     9
       Constrict         ||     4
       Tentacles         ||     2
       Dagger            ||     3
  Use: Scroll            ||     2
 Stab: Sleeping          ||     3
Armor: Skin              ||     1
Dodge: Dodged            ||     7
